 Dungeon Crawl Stone Soup version 0.31-a0-1068-g5939ac1fb6 (webtiles) character file.

Game seed: 17881316732207754497

71 Maratek the Trooper (level 4, 0/35 HPs)
             Began as a Demonspawn Fighter on Nov 24, 2023.
             Slain by a goblin
             ... wielding a +0 club
             ... led by Robin
              (3 damage)
             ... on level 2 of the Dungeon.
             The game lasted 00:01:51 (1198 turns).

Maratek the Trooper (Demonspawn Fighter)            Turns: 1198, Time: 00:01:51

Health: 0/35       AC: 12    Str: 23    XL:     4   Next: 5%
Magic:  4/4        EV:  8    Int:  9    God:
Gold:   81         SH:  0    Dex: 14    Spells: 3/3 levels left

rFire   + . .        a - +0 long sword
rCold   . . .        (no shield)
rNeg    . . .        e - +2 chain mail {rF+}
rPois   .            i - +0 helmet
rElec   .            (no cloak)
rCorr   .            (no gloves)
SInv    .            (no boots)
Will    .....        (no amulet) Stlth
                     g - +6 ring of strength
HPRegen 0.25/turn    (no ring)
MPRegen 0.09/turn

%: no passive effects
@: mighty
A: demonic guardian 1, demonic touch 1
a: no special abilities


You were on level 2 of the Dungeon.
You visited 1 branch of the dungeon, and saw 2 of its levels.

You collected 81 gold pieces.

Inventory:

Hand Weapons
 a - a +0 long sword (weapon)
Armour
 e - a +2 chain mail of fire resistance (worn)
 i - a +0 helmet (worn)
Jewellery
 g - a +6 ring of strength (left hand)
Scrolls
 b - 2 scrolls of identify {unknown}
 f - a scroll of teleportation {unknown}
 j - a scroll of immolation {unknown}
 l - a scroll of blinking {unknown}
Potions
 c - a potion of haste {unknown}
 h - a potion of heal wounds {unknown}
 k - a potion of curing {unknown}


   Skills:
 + Level 3.5 Fighting
 + Level 2.4 Long Blades
 + Level 3.2 Armour
 + Level 3.2 Shields


You had 3 spell levels left.
You didn't know any spells.
Your spell library was empty.

Dungeon Overview and Level Annotations

Branches:
Dungeon (2/15)

Altars:


Innate Abilities, Weirdness & Mutations

A weak demonic guardian rushes to your aid.
Your touch may inflict minor irresistible damage on your foes.


Message History

You barely miss Robin. Robin hits you with a +0 club. The goblin misses you.
The hobgoblin barely misses you. The goblin hits you with a +0 club.
The goblin hits you but does no damage. x3
You hit Robin.
Robin is moderately wounded.
Robin hits you but does no damage. The goblin hits you but does no damage.
The hobgoblin hits you but does no damage.
The goblin closely misses you. The goblin barely misses you.
The goblin closely misses you. The goblin hits you but does no damage.
You slash Robin!
Robin is severely wounded.
The goblin hits you but does no damage.
The hobgoblin hits you but does no damage.
The goblin hits you with a +0 club.
The goblin hits you but does no damage. x2
The goblin hits you with a +0 club.
You are too injured to fight recklessly!
You are too injured to fight recklessly!
You are too injured to fight recklessly!
You hit Robin.
You kill Robin!
The goblin no longer looks unusually strong. x3
The hobgoblin no longer looks unusually strong.
The goblin barely misses you. The goblin hits you with a +0 club.
The goblin hits you but does no damage. x2; The goblin hits you with a +0 club.
The hobgoblin hits you but does no damage.
The goblin hits you but does no damage. x2; The hobgoblin hits you.
* * * LOW HITPOINT WARNING * * *
The goblin hits you but does no damage. The hobgoblin hits you.
* * * LOW HITPOINT WARNING * * *
The goblin hits you but does no damage. x2
You have reached level 4!
You feel stronger.
Your demonic ancestry asserts itself...
You feel the presence of a demonic guardian.
You feel very mighty all of a sudden.
The hobgoblin no longer looks unusually strong.
The goblin hits you but does no damage.
The hobgoblin hits you but does no damage.
The goblin hits you but does no damage. x2; The hobgoblin barely misses you.
The goblin hits you with a +0 club.
You die...

#. #.. ####.. #..#
#... ...... #... ...
###.## #...# ##..# #.
# #.... ....# #.##
#....####...# ###
#...
#.gggK....#.....#...
#gg@##....#.....#.##
#.ggg...............
#...####...#.....#.##
#..........#.....#.##
#..######..#..>......
#..........#.#####.##
#.########)#.#####.##
#. ......†......##.#
#########.##.##.#


You could see 3 hobgoblins, 5 goblins and a kobold.

Vanquished Creatures
  Robin (D:2)
  An adder (D:2)
  2 worms (D:2)
  3 endoplasms
  8 goblins
  7 hobgoblins
  2 jackals (D:1)
  A quokka (D:2)
  A ball python (D:2)
  4 bats (D:1)
  5 frilled lizards (D:1)
  3 kobolds
  5 rats
43 creatures vanquished.

Notes
Turn   | Place    | Note
-------+----------+-------------------------------------------
     0 | D:1      | Maratek the Demonspawn Fighter began the quest for the Orb.
     0 | D:1      | Reached XP level 1. HP: 18/18 MP: 1/1
   147 | D:1      | Gained mutation: Your touch may inflict minor irresistible
                  | damage on your foes. [demonic ancestry]
   147 | D:1      | Reached XP level 2. HP: 24/24 MP: 2/2
   562 | D:1      | Found a faded altar of an unknown god.
   563 | D:1      | Noticed a golden eye
   564 | D:1      | Noticed an eye of devastation
   588 | D:1      | Noticed an eye of devastation
   588 | D:1      | Noticed a golden eye
   735 | D:2      | Reached XP level 3. HP: 29/29 MP: 3/3
  1185 | D:2      | Noticed Robin
  1197 | D:2      | Killed Robin
  1198 | D:2      | Gained mutation: A weak demonic guardian rushes to your
                  | aid. [demonic ancestry]
  1198 | D:2      | Reached XP level 4. HP: 2/35 MP: 4/4
  1198 | D:2      | Slain by a goblin

Illustrated notes

Levels and vault maps discovered:
D:1:      hellmonk_arrival_library, layout_loops_ring,
          hellmonk_ecumenical_altar_watching_god
D:2:      layout_loops_cross, eino_tiny_chamber, minmay_misc_feat_more_columns,
          uniq_robin

Skill      XL: |  1  2 |
---------------+-------+-----
Long Blades    | 2 |  2.4
Shields        | 3 |  3.2
Armour         | 3 |  3.2
Fighting       | |  3.5

Action                     |  1- 3 |  4- 6 || total
---------------------------+-------+-------++-------
  Melee: Long sword        |   131 |       ||   131
         Touch             |    14 |       ||    14
         Punch             |     1 |       ||     1
    Use: Potion            |       |     1 ||     1
   Stab: Distracted        |     1 |       ||     1
 Armour: Chain mail        |   151 |     5 ||   156
         Scale mail        |    13 |       ||    13
  Dodge: Dodged            |    85 |     1 ||    86
  Block: Buckler           |     3 |       ||     3

Table legend: (Time is in decaauts)
 A = Elapsed time spent in this place.
 B = Non-inter-level travel time spent in this place.
 C = Inter-level travel time spent in this place.
 D = Time resting spent in this place.
 E = Time spent auto-exploring this place.
 F = Levels seen in this place.
 G = Mean time per level.
                   A        B        C        D        E       F      G
               +--------+--------+--------+--------+--------+-----+--------+
         Total |   1236 |   1207 |     29 |      0 |    905 |   2 |  618.0 |
       Dungeon |   1236 |   1207 |     29 |      0 |    905 |   2 |  618.0 |
               +--------+--------+--------+--------+--------+-----+--------+

Top non-repeatable levels by time:
     D:1: 731 daAuts
     D:2: 505 daAuts
